 Dungeon Crawl Stone Soup version 0.28-a0-1524-ge72afd5fc6 (webtiles) character file.

Game seed: 16168566585109591773

2303 fragbeetle the Ruffian (level 9, -6/70 (73) HPs)
             Began as a Green Draconian Transmuter on Jan 17, 2022.
             Mangled by Duvessa (15 damage)
             ... on level 7 of the Dungeon.
             The game lasted 00:12:47 (6823 turns).

fragbeetle the Ruffian (Green Draconian Transmuter) Turns: 6823, Time: 00:12:48

HP:   -6/70 (73)    AC:  2    Str: 14    XL:     9   Next: 18%
MP:   7/12          EV: 22    Int: 15    God:
Gold: 393           SH:  0    Dex: 18    Spells: 4/12 levels left

rFire   . . .      SeeInvis .     - Unarmed
rCold   . . .      Faith    .   (shield currently unavailable)
rNeg    + . .      Spirit   .   (armour unavailable)
rPois   x          Reflect  .   (helmet currently unavailable)
rElec   .          Harm     .   (cloak currently unavailable)
rCorr   .          Rampage  .   (gloves currently unavailable)
Will    .....                   (boots currently unavailable)
Stlth   ++........              (no amulet)
HPRegen 0.21/turn               a - ring of positive energy
MPRegen 0.13/turn               (no ring)

@: short of breath, spider-form, lightly drained
A: venomous fangs, (breathe noxious fumes), AC +7, tiny, unfitting armour,
(poison resistance), (cold-blooded)
a: End Transformation


You were on level 7 of the Dungeon.
You were a venomous arachnid creature.
You visited 1 branch of the dungeon, and saw 7 of its levels.

You collected 393 gold pieces.

Inventory:

Hand Weapons
 m - a +0 hunting sling
Missiles
 k - 3 boomerangs
 o - 90 stones
Armour
 q - a +0 cloak (melded)
 v - a +0 pair of gloves (melded)
Jewellery
 a - a ring of positive energy (left front leg)
 p - a ring of protection from cold
Wands
 j - a wand of acid (12)
 t - a wand of charming (7)
 w - a wand of paralysis (7)
 x - a wand of polymorph (10)
Scrolls
 c - 2 scrolls of amnesia {unknown}
 f - a scroll of fear {unknown}
 g - 2 scrolls of enchant weapon {unknown}
 h - 2 scrolls of vulnerability {unknown}
 l - 7 scrolls of identify {unknown}
 r - 2 scrolls of fog {unknown}
 y - a scroll of holy word {unknown}
 z - a scroll of noise {unknown}
 A - a scroll of silence {unknown}
Potions
 b - 2 potions of lignification {unknown}
 d - 4 potions of curing {unknown}
 e - a potion of heal wounds {unknown}
 i - 2 potions of magic {unknown}
 n - 2 potions of invisibility {unknown}
 s - a potion of attraction {unknown}
 u - a potion of berserk rage {unknown}
 B - a potion of degeneration {unknown}


   Skills:
 + Level 4.9 Fighting
 + Level 4.4 Dodging
 * Level 7.1 Unarmed Combat
 - Level 2.0 Spellcasting
 * Level 6.6 Transmutations
 + Level 3.7 Ice Magic
 - Level 4.0 Poison Magic


You had 4 spell levels left.
You knew the following spells:

 Your Spells              Type           Power      Damage    Failure   Level
a - Beastly Appendage     Tmut           42%        N/A       7%          1
b - Spider Form           Tmut/Pois      17%        N/A       21%         3
c - Ice Form              Ice/Tmut       17%        N/A       47%         4

Your spell library contained the following spells:

 Spells                   Type           Power      Damage    Failure   Level
 Wereblood                Tmut           21%        N/A       9%          2
 Passwall                 Tmut/Erth      9%         N/A       22%         2
 Ignite Poison            Fire/Tmut/Pois 12%        N/A       34%         3
 Sandblast                Erth           2%         2d4       43%         1
 Conjure Flame            Conj/Fire      1%         6-21      75%         3
 Stone Arrow              Conj/Erth      2%         3d7       75%         3
 Sticky Flame             Conj/Fire      1%         2d3       98%         4


Dungeon Overview and Level Annotations

Branches:
Dungeon (7/15)
 Temple: D:4-7

Altars:
Cheibriados
Dithmenos
Okawaru

Shops:
D:1 [[   D:3 [[

Annotations:
D:7 Duvessa, Menkaure


Innate Abilities, Weirdness & Mutations

You are a venomous arachnid creature.
You have poisonous fangs.
You are tiny and dextrous.
Your spellcasting is less reliable in this form.
Your armour is entirely melded.
You are incapable of wielding weapons or throwing items.
((You can breathe blasts of noxious fumes.))
((Your lurid green scales are hard. (AC +7)))
You cannot fit into any form of body armour.
((Your system is resistant to poisons. (rPois)))
((You are cold-blooded and may be slowed by cold attacks.))


Message History

You bite Dowan!
Dowan is poisoned.
Dowan is heavily wounded.
Dowan barely misses you.
The orc is engulfed in noxious fumes.
The orc appears confused.
You completely miss Dowan.
Dowan is heavily wounded.
Menkaure calls on the powers of darkness!
The orc priest convulses!
Your body is wracked with pain!
Dowan convulses!
Dowan hits you with a +2 dagger of draining!
You partially resist.
You feel drained.
The orc priest is engulfed in noxious fumes.
The orc priest appears confused.
The orc is engulfed in noxious fumes.
The orc appears confused.
You hit Dowan.
Dowan looks as sick as possible!
Dowan is almost dead.
Dowan misses you.
You closely miss Dowan.
Dowan is almost dead.
Dowan hits you with a +2 dagger of draining.
You partially resist.
You feel drained.
Duvessa, Sister of Dowan comes into view.
She is wielding a +0 short sword and wearing a +3 ring mail of cold resistance.
Unknown command.
You hit Dowan.
You kill Dowan!
Duvessa screams, "No!
How DARE you!"
Duvessa goes berserk!
Menkaure points at you and mumbles some strange words.
Pain shoots through your body!
Menkaure grins.
Things that are here:
a +2 dagger of draining; a +0 robe; the elf corpse of Dowan Menkaure calls on the powers of darkness!
Your body is wracked with pain!
* * * LOW HITPOINT WARNING * * *
Duvessa convulses!
Your magical contamination has completely faded away.
Duvessa hits you with a +0 short sword!
* * * LOW HITPOINT WARNING * * *
Duvessa hits you with a +0 short sword!
You die...

#. #..###.##### #.. ##..#
#.# # #.. .##..# #.# # #..
#.##..###.#####
#..######.##..#......##
#...........(..........
####.........##..#........
#.......##.# #..#........
####..#.es(# #.#########.
#. #.##.####.# #. #
#)##......# #. #)#########
## #o# ... ##M## #.# ...


You could see Duvessa (berserk).

Vanquished Creatures
  Pikel (D:6)
  3 yaks (D:5)
  A water moccasin (D:7)
  An ice beast (D:6)
  2 sky beasts
  A centaur (D:6)
  3 lemures
  Blork the orc (D:5)
  2 scorpions
  Dowan (D:7)
  2 howler monkeys
  2 orc priests
  A hound (D:4)
  A bullfrog skeleton (D:5)
  A centaur skeleton (D:4)
  A gnoll shaman (D:6)
  Natasha (thrice) (D:4)
  2 iguanas (D:4)
  2 orc wizards (D:4)
  A hound skeleton (D:4)
  10 gnolls
  A howler monkey skeleton (D:5)
  8 adders
  A shadow imp (D:5)
  3 adder skeletons (D:4)
  A worm (D:3)
  3 dart slugs (D:4)
  10 orcs
  11 endoplasms
  3 giant cockroaches
  12 goblins
  5 hobgoblins
  4 jackals (D:3)
  8 quokkas
  9 ball pythons
  5 bats
  2 frilled lizards
  3 kobolds
  7 rats
138 creatures vanquished.

Vanquished Creatures (others)
  2 plants (D:3)
2 creatures vanquished.

Grand Total: 140 creatures vanquished

Notes
Turn   | Place    | Note
-------+----------+-------------------------------------------
     0 | D:1      | fragbeetle the Draconian Transmuter began the quest for the
                  | Orb.
     0 | D:1      | Reached XP level 1. HP: 16/16 MP: 3/3
   232 | D:1      | Found Fufappesi's Armour Boutique.
   278 | D:1      | Reached XP level 2. HP: 22/23 MP: 3/5
   365 | D:1      | HP: 1/23 [gnoll (2)]
   367 | D:1      | Reached XP level 3. HP: 2/28 MP: 6/6
   375 | D:1      | Learned a level 3 spell: Spider Form
   659 | D:1      | Found a faded altar of an unknown god.
   745 | D:1      | Found Atwo's Armour Emporium.
  1785 | D:2      | Identified the +1 robe "Syjam" {rPois}
  1903 | D:3      | Found Jap Wema's Armour Shoppe.
  1914 | D:3      | Reached skill level 1 in Poison Magic
  1914 | D:3      | Reached XP level 4. HP: 36/36 MP: 7/7
  2033 | D:3      | Identified the +0 ring mail of Uhof {rCorr}
  2045 | D:3      | Reached skill level 4 in Unarmed Combat
  2045 | D:3      | Reached XP level 5. HP: 11/41 MP: 8/8
  2276 | D:2      | Learned a level 4 spell: Ice Form
  2576 | D:3      | Found Yhugezya's Antique Armour Shoppe.
  3003 | D:4      | Reached XP level 6. HP: 31/50 MP: 3/9
  3139 | D:4      | Found a shadowy altar of Dithmenos.
  3376 | D:4      | Noticed Natasha
  3386 | D:4      | Killed Natasha
  3483 | D:4      | Reached skill level 1 in Ice Magic
  3589 | D:4      | Noticed Natasha
  3599 | D:4      | Killed Natasha
  4039 | D:4      | Noticed Natasha
  4045 | D:4      | Killed Natasha
  4046 | D:4      | Your scales start taking on a lurid green colour.
  4046 | D:4      | Reached XP level 7. HP: 52/56 MP: 8/10
  4046 | D:4      | Gained mutation: Your system is resistant to poisons.
                  | (rPois) [Green Draconian growth]
  4122 | D:5      | Entered Level 5 of the Dungeon
  4309 | D:5      | Noticed Blork the orc
  4317 | D:5      | Killed Blork the orc
  4318 | D:5      | Reached skill level 5 in Unarmed Combat
  4547 | D:5      | Found a snail-covered altar of Cheibriados.
  4917 | D:5      | Noticed a yak
  4917 | D:5      | Noticed a yak
  4917 | D:5      | Noticed a yak
  4930 | D:5      | Killed a yak
  4933 | D:5      | Killed a yak
  4934 | D:5      | Reached skill level 5 in Transmutations
  4934 | D:5      | Reached XP level 8. HP: 48/66 MP: 5/11
  5256 | D:6      | Noticed Pikel
  5327 | D:6      | Reached skill level 6 in Unarmed Combat
  5723 | D:6      | Killed Pikel
  5981 | D:6      | Reached XP level 9. HP: 65/72 MP: 9/12
  6074 | D:6      | Found an iron altar of Okawaru.
  6726 | D:7      | Reached skill level 7 in Unarmed Combat
  6807 | D:7      | Noticed Dowan
  6814 | D:7      | Noticed Menkaure
  6818 | D:7      | Noticed Duvessa
  6819 | D:7      | Killed Dowan
  6823 | D:7      | Mangled by Duvessa

Illustrated notes

Levels and vault maps discovered:
D:1:      dpeg_arrival_long_road, layout_loops_ring,
          ebering_ecumenical_altar_box, serial_shops,
          nicolae_shop_temple_entry_statues_fountains, nicolae_shop_hallway_plus
D:2:      layout_basic, minmay_misc_feat_plants
D:3:      layout_rooms, serial_shops, nicolae_shop_overgrown_old_shop, shop
D:4:      layout_loops_ring, nicolae_dithmenos_through_a_glass_darkly,
          minmay_pentangle, uniq_natasha
D:5:      layout_basic, mainiacjoe_overflow_surrounded_room, uniq_blork_the_orc
D:6:      layout_loops_ring, mainiacjoe_overflow_catwalk, uniq_pikel
D:7:      layout_basic, elyvilon_altar_1,
          nicolae_uskayaw_murder_on_the_dancefloor, temple_hall, uniq_duvessa,
          uniq_menkaure

Skill      XL: |  1  2  3  4  5  6  7  8  9 |
---------------+----------------------------+-----
Dodging        | 2 3 4 |  4.4
Poison Magic   | 1 2 3 4 |  4.0
Transmutations | 3 4 5 6 |  6.6
Fighting       | 2 3 4 |  4.9
Unarmed Combat | 4 5 6 7 |  7.1
Ice Magic      | 1 2 3 |  3.7
Spellcasting   | |  2.0

Action                   |  1- 3 |  4- 6 |  7- 9 || total
-------------------------+-------+-------+-------++-------
Melee: Unarmed           |    88 |   194 |   144 ||   426
       Headbutt          |    15 |    34 |    12 ||    61
       Kick              |    21 |    41 |    21 ||    83
       Tailslap          |     4 |    19 |     8 ||    31
       Punch             |     1 |     5 |     5 ||    11
 Cast: Beastly Appendage |    29 |    31 |    15 ||    75
       Spider Form       |       |     4 |    11 ||    15
 Abil: Breathe Noxious F |       |       |     4 ||     4
Evoke: Wand              |     1 |       |     2 ||     3
 Stab: Sleeping          |     2 |     1 |       ||     3
Armor: Skin              |    22 |    53 |    16 ||    91
Dodge: Dodged            |    39 |   109 |    96 ||   244

Table legend: (Time is in decaauts)
 A = Elapsed time spent in this place.
 B = Non-inter-level travel time spent in this place.
 C = Inter-level travel time spent in this place.
 D = Time resting spent in this place.
 E = Time spent auto-exploring this place.
 F = Levels seen in this place.
 G = Mean time per level.
                   A        B        C        D        E       F      G
               +--------+--------+--------+--------+--------+-----+--------+
         Total |   6800 |   6594 |    206 |   1297 |   4031 |   7 |  971.4 |
       Dungeon |   6800 |   6594 |    206 |   1297 |   4031 |   7 |  971.4 |
               +--------+--------+--------+--------+--------+-----+--------+

Top non-repeatable levels by time:
     D:4: 1318 daAuts
     D:6: 1265 daAuts
     D:5: 1179 daAuts
     D:1: 1145 daAuts
     D:2: 965 daAuts
     D:3: 686 daAuts
     D:7: 240 daAuts
